 Dungeon Crawl Stone Soup version 0.31-a0-986-g5e6e4ef867 (webtiles) character file.

Game seed: 2478179466382636665

58 Firecrotchwizard the Ruffian (level 3, 0/27 HPs)
             Began as a Demonspawn Shapeshifter on Nov 13, 2023.
             Slain by a river rat (7 damage)
             ... on level 3 of the Dungeon.
             The game lasted 00:03:27 (1852 turns).

Firecrotchwizard the Ruffian (DsSh)                 Turns: 1852, Time: 00:03:28

Health: 0/27       AC:  6    Str: 16    XL:     3   Next: 75%
Magic:  3/3        EV:  9    Int: 11    God:
Gold:   159        SH:  3    Dex: 12    Spells: 2/2 levels left

rFire   . .          .
                       - Unarmed
rCold   . . .        t - +0 buckler
rNeg    . . .        o - +0 scale mail
rPois   .            (helmet currently unavailable)
rElec   .            (cloak currently unavailable)
rCorr   .            (gloves currently unavailable)
SInv    .            (boots currently unavailable)
Will    .....        (no amulet) Stlth
                     (no ring)
HPRegen 0.24/turn    (no ring)
MPRegen 0.08/turn

%: no passive effects
@: beast-form
A: beast (slay +1), claws 1
a: Begin Untransformation


You were on level 3 of the Dungeon.
You were a hulking beast.
You visited 1 branch of the dungeon, and saw 3 of its levels.

You collected 159 gold pieces.

Inventory:

Armour
 a - a +0 animal skin
 o - a +0 scale mail (worn)
 t - a +0 buckler (worn)
Jewellery
 q - a ring of fire
Talismans
 c - a beast talisman
 d - a flux talisman
Scrolls
 f - a scroll of identify {unknown}
 i - a scroll of fog {unknown}
 j - 2 scrolls of enchant armour {unknown}
 k - a scroll of fear {unknown}
 l - a scroll of silence {unknown}
 m - 2 scrolls of teleportation {unknown}
 n - a scroll of torment {unknown}
 r - a scroll of immolation {unknown}
 s - a scroll of noise {unknown}
Potions
 b - a potion of lignification
 e - 2 potions of degeneration {unknown}
 g - a potion of mutation {unknown}
 h - a potion of curing {unknown}
 p - 2 potions of enlightenment {unknown}


   Skills:
 + Level 1.9 Fighting
 - Level 1.7 Dodging
 * Level 3.6 Unarmed Combat
 + Level 3.1 Shapeshifting


You had 2 spell levels left.
You didn't know any spells.
Your spell library contained the following spells:

 Spells                   Type           Power      Damage    Failure   Level
 Magic Dart               Conj           0%         1d3       88%         1
 Searing Ray              Conj           0%         2d4       95%         2
 Inner Flame              Hex/Fire       0%         N/A       99%         3
 Fulminant Prism          Conj/Hex       0%         3d5       100%        4
 Yara's Violent Unravell  Hex/Tmut       0%         3d3       100%        5
 Enfeeble                 Hex            0%         N/A       100%        7


Dungeon Overview and Level Annotations

Branches:
Dungeon (3/15)

Altars:


Innate Abilities, Weirdness & Mutations

You are a hulking beast.
Your limbs bulge with bestial killing power. (Slay +1)
You have sharp fingernails.


Message History

You now have 126 gold pieces (gained 9).
Found a stone staircase leading up.
Done exploring.
You see here a +0 club.
There is a stone staircase leading up, spattered with blood here.
There is a stone staircase leading down here.
You climb downwards.
You hear the sound of rushing water.
There is an entrance to a sewer on this level.
Hurry and find it before the portal rusts away!
Found 16 gold pieces.
Found a stone staircase leading down.
There is a stone staircase leading up here.
An orc comes into view. It is wielding a +0 hand axe.
The orc shouts!
Okay, then.
The orc barely misses you.
You scratch the orc.
The orc is heavily wounded.
You scratch the orc.
You kill the orc!
No target in view!
You now have 142 gold pieces (gained 16).
Found an escape hatch in the ceiling.
There is a stone staircase leading down here.
A giant cockroach comes into view.
Found a stone staircase leading up.
You scratch the giant cockroach.
You kill the giant cockroach!
No target in view!
No target in view!
You hear the slow rusting of a very distant drain.
A worm comes into view.
A kobold comes into view. It is wielding a +0 whip.
The kobold shouts!
Found a hand axe.
The kobold falls through a shaft!
The shaft crumbles and collapses.
You scratch the worm.
The worm is moderately wounded.
You claw the worm!
The worm is severely wounded.
The worm bites you.
You scratch the worm.
The worm is severely wounded.
The worm bites you.
You barely miss the worm.
The worm is severely wounded.
You scratch the worm.
You kill the worm!
No target in view!
HP restored.
Found a flux talisman.
r - a scroll labelled BYLAUN LUPLANE
Found a buckler.
s - a scroll labelled JUMANO HAYLIONT
There is a stone staircase leading up here.
You hear the slow rusting of a very distant drain.
You see here a +0 buckler.
t - a +0 buckler You start putting on your armour.
You continue putting on your +0 buckler. x4
You finish putting on your +0 buckler.
You are a hulking beast.
Your movement speed is average.
Your attack delay is about 0.9.
Your damage rating with unarmed combat is about 10 (Base [5 + 3 (UC)] x 115% (Str) x 103% (Fight) + 1 (Slay)).
Found an escape hatch in the floor.
You see here a flux talisman.
There is an escape hatch in the floor here.
Found a stone staircase leading down.
You now have 159 gold pieces (gained 17).
An adder comes into view.
The adder hisses angrily.
An adder is nearby!
A worm comes into view.
A river rat comes into view.
You claw the adder!
The adder is severely wounded.
You block the adder's attack.
You claw the adder!
You kill the adder!
You see here an adder corpse.
The worm bites you.
You claw the worm!
The worm is heavily wounded.
You scratch the worm.
The worm is heavily wounded.
The worm closely misses you. The river rat bites you.
You scratch the worm.
The worm is almost dead.
The river rat bites you. The worm bites you.
* * * LOW HITPOINT WARNING * * *
You block the river rat's attack.
You hear the slow rusting of a drain nearby.
The river rat attacks as it pursues you!
The river rat barely misses you.
The river rat attacks as it pursues you!
The river rat bites you!
* * * LOW HITPOINT WARNING * * *
You scratch the river rat.
The river rat is moderately wounded.
The river rat bites you!
You die...

#.........#.# #.#
#. #.>.....###.#
#.# ##
#...##..###.# #.#
#... #...##.# ...
#...##.# .
#...##.# #...##.#
##.....# #h##..##
##r###..##
####........##..
.........†.#.....
#####............#
.................
...~............#
..~~~~~.~........#
####~#~#~~.......#


You could see a river rat.

Vanquished Creatures
  2 adders
  A worm (D:3)
  An orc (D:3)
  2 endoplasms
  3 giant cockroaches
  3 goblins (D:1)
  2 hobgoblins (D:1)
  3 jackals
  4 quokkas (D:1)
  A ball python (D:2)
  3 bats
  4 kobolds
  3 rats
32 creatures vanquished.

Notes
Turn   | Place    | Note
-------+----------+-------------------------------------------
     0 | D:1      | Firecrotchwizard the Demonspawn Shapeshifter began the
                  | quest for the Orb.
     0 | D:1      | Reached XP level 1. HP: 15/15 MP: 1/1
   179 | D:1      | Discovered your monstrous ancestry.
   179 | D:1      | Gained mutation: You have sharp fingernails. [demonic
                  | ancestry]
   179 | D:1      | Reached XP level 2. HP: 21/21 MP: 2/2
  1152 | D:2      | Reached XP level 3. HP: 25/26 MP: 3/3
  1852 | D:3      | Slain by a river rat

Illustrated notes

Levels and vault maps discovered:
D:1:      doesnt_arrival_eight_statues, layout_basic, glass_columns_a,
          chequers_serial_rivers_small_a
D:2:      layout_basic, amcnicky_mini_corridor_feature,
          amcnicky_mini_pool_small, grunt_decor_arrowhead
D:3:      layout_basic, mainiacjoe_overflow_cross_hatched,
          lightli_sewer_entry_pipes, uniq_sigmund

Skill      XL: |  1  2  3 |
---------------+----------+-----
Unarmed Combat | 3 |  3.6
Shapeshifting  | 3 |  3.1
Fighting       | |  1.9
Dodging        | |  1.7

Action                     || total
---------------------------++-------
  Melee: Unarmed           ||    91
         Punch             ||     3
 Armour: Animal skin       ||    55
         Scale mail        ||    12
  Dodge: Dodged            ||    46
  Block: Buckler           ||     2

Table legend: (Time is in decaauts)
 A = Elapsed time spent in this place.
 B = Non-inter-level travel time spent in this place.
 C = Inter-level travel time spent in this place.
 D = Time resting spent in this place.
 E = Time spent auto-exploring this place.
 F = Levels seen in this place.
 G = Mean time per level.
                   A        B        C        D        E       F      G
               +--------+--------+--------+--------+--------+-----+--------+
         Total |   1850 |   1768 |     82 |     18 |   1490 |   3 |  616.7 |
       Dungeon |   1850 |   1768 |     82 |     18 |   1490 |   3 |  616.7 |
               +--------+--------+--------+--------+--------+-----+--------+

Top non-repeatable levels by time:
     D:1: 924 daAuts
     D:2: 772 daAuts
     D:3: 153 daAuts
